 Dungeon Crawl Stone Soup version 0.21.0-36-ge3e1d5aaab (webtiles) character file.

345 Gargoyl the Skirmisher (level 6, -7/53 HPs)
             Began as a Gnoll Abyssal Knight on Jan 30, 2018.
             Was a Believer of Lugonu.
             Mangled by an ogre
             ... wielding a +0 giant club
              (26 damage)
             ... on level 4 of the Dungeon.
             The game lasted 00:05:18 (3508 turns).

Gargoyl the Skirmisher (Gnoll Abyssal Knight)       Turns: 3508, Time: 00:05:19

Health: -7/53      AC:  6    Str: 16    XL:     6   Next: 58%
Magic:  9/9        EV: 11    Int: 14    God:    Lugonu [**....]
Gold:   126        SH:  3    Dex: 15    Spells: 9/9 levels left

rFire    . . .     SeeInvis .   a - +1 hand axe
rCold    . . .     Gourm    .   (no shield)
rNeg     . . .     Faith    .   i - -1 scale mail
rPois    +         Spirit   .   (no helmet)
rElec    .         Reflect  +   (no cloak)
rCorr    .         Harm     .   (no gloves)
MR       +....                  (no boots)
Stlth    +.........             d - +3 amulet of reflection
HPRegen  0.17/turn              l - ring of protection from magic
MPRegen  0.11/turn              (no ring)

@: no status effects
A: distributed training, fangs 1, talons 1, poison resistance, strong nose
a: Depart the Abyss, Bend Space, Renounce Religion


You were on level 4 of the Dungeon.
You worshipped Lugonu.
Lugonu was pleased with you.
You were not hungry.

You visited 1 branch of the dungeon, and saw 4 of its levels.
You visited the Abyss 1 time.

You collected 126 gold pieces.

Inventory:

Hand Weapons
 a - a +1 hand axe (weapon)
Armour
 i - a -1 scale mail (worn)
Jewellery
 d - a +3 amulet of reflection (around neck)
 l - a ring of protection from magic (left hand)
Scrolls
 e - 7 scrolls of identify
 f - 2 scrolls of magic mapping
 h - 2 scrolls of teleportation
Potions
 b - 2 potions of curing
 g - a potion of brilliance
Comestibles
 c - 11 rations
 j - 2 chunks of flesh


   Skills:
 + Level 6.8 Fighting
 + Level 2.0 Short Blades
 + Level 2.0 Long Blades
 + Level 5.0 Axes
 + Level 2.0 Maces & Flails
 + Level 2.0 Polearms
 + Level 2.0 Staves
 + Level 2.0 Slings
 + Level 2.0 Bows
 + Level 2.0 Crossbows
 + Level 2.0 Throwing
 + Level 5.0 Armour
 + Level 3.2 Dodging
 + Level 2.0 Stealth
 + Level 2.0 Shields
 + Level 2.0 Unarmed Combat
 + Level 2.0 Spellcasting
 + Level 1.5 Conjurations
 + Level 1.5 Hexes
 + Level 1.5 Charms
 + Level 1.5 Summonings
 + Level 1.5 Necromancy
 + Level 1.5 Translocations
 + Level 1.5 Transmutations
 + Level 1.5 Fire Magic
 + Level 1.5 Ice Magic
 + Level 1.5 Air Magic
 + Level 1.5 Earth Magic
 + Level 1.5 Poison Magic
 + Level 5.1 Invocations
 + Level 2.0 Evocations


You had 9 spell levels left.
You didn't know any spells.

Dungeon Overview and Level Annotations

Branches:
Dungeon (4/15)
 Temple: D:4-7

Altars:


Innate Abilities, Weirdness & Mutations

Your experience applies equally to all skills.
You have very sharp teeth.
Your uncanny sense of smell can sniff out nearby items.
You have sharp toenails.
Your system is resistant to poisons. (rPois)


Message History

The ogre is heavily wounded.
The ogre hits you with a giant club!
You hit the ogre but do no damage. You claw the ogre.
The ogre is heavily wounded.
The ogre misses you.
You hit the ogre.
The ogre is heavily wounded.
The ogre hits you with a giant club!
You barely miss the ogre. You claw the ogre.
The ogre is severely wounded.
You hit the ogre.
The ogre is severely wounded.
The ogre closely misses you.
You slash the ogre! You bite the ogre, but do no damage.
The ogre is almost dead.
The ogre misses you.
You hit the ogre but do no damage. Your kick misses the ogre.
The ogre is almost dead.
The ogre hits you with a giant club!!
You die...

#...##...##..
#...##.#[...
#...#....##
#........#
#...#...## .
#......## ..
#...##.# ...
#...##.# ....
#...##@# .....
#...##O###......
#### #.#.O.#
#...### #..##
#..# ####


You could see an ogre.

Vanquished Creatures
  A hound (D:4)
  An orc priest (D:3)
  Natasha (D:3)
  4 orc wizards (D:3)
  4 gnolls (D:3)
  4 adders
  5 oozes
  An adder skeleton (D:4)
  A dart slug (D:2)
  3 leopard geckos
  4 orcs (D:3)
  4 bats
  5 giant cockroaches (D:1)
  3 goblins
  4 hobgoblins
  6 kobolds
  2 quokkas
  4 frilled lizards
  9 rats
66 creatures vanquished.

Notes
Turn   | Place    | Note
-------+----------+-------------------------------------------
     0 | Abyss:1  | Gargoyl the Gnoll Abyssal Knight began the quest for the Orb.
     0 | Abyss:1  | Reached XP level 1. HP: 23/23 MP: 3/3
    16 | Abyss:2  | Found a corrupted altar of Lugonu.
    42 | Abyss:2  | Found a corrupted altar of Lugonu.
    91 | Abyss:2  | Noticed a large abomination
    91 | D:1      | Escaped the Abyss
   195 | D:1      | Reached * piety under Lugonu
   282 | D:1      | Reached XP level 2. HP: 28/29 MP: 5/5
  1155 | D:2      | Reached XP level 3. HP: 34/35 MP: 6/6
  1533 | D:2      | Reached skill level 1 in Short Blades
  1533 | D:2      | Reached skill level 1 in Long Blades
  1533 | D:2      | Reached skill level 1 in Maces & Flails
  1533 | D:2      | Reached skill level 1 in Polearms
  1533 | D:2      | Reached skill level 1 in Staves
  1533 | D:2      | Reached skill level 1 in Slings
  1533 | D:2      | Reached skill level 1 in Bows
  1533 | D:2      | Reached skill level 1 in Crossbows
  1533 | D:2      | Reached skill level 1 in Throwing
  1533 | D:2      | Reached skill level 1 in Stealth
  1533 | D:2      | Reached skill level 1 in Shields
  1533 | D:2      | Reached skill level 1 in Unarmed Combat
  1533 | D:2      | Reached skill level 1 in Spellcasting
  1533 | D:2      | Reached skill level 1 in Evocations
  1567 | D:2      | Reached XP level 4. HP: 41/41 MP: 7/7
  1592 | D:2      | Reached ** piety under Lugonu
  2054 | D:3      | Found a faded altar of an unknown god.
  2165 | D:3      | Reached skill level 1 in Conjurations
  2165 | D:3      | Reached skill level 1 in Hexes
  2165 | D:3      | Reached skill level 1 in Charms
  2165 | D:3      | Reached skill level 1 in Summonings
  2165 | D:3      | Reached skill level 1 in Necromancy
  2165 | D:3      | Reached skill level 1 in Translocations
  2165 | D:3      | Reached skill level 1 in Transmutations
  2165 | D:3      | Reached skill level 1 in Fire Magic
  2165 | D:3      | Reached skill level 1 in Ice Magic
  2165 | D:3      | Reached skill level 1 in Air Magic
  2165 | D:3      | Reached skill level 1 in Earth Magic
  2165 | D:3      | Reached skill level 1 in Poison Magic
  2285 | D:3      | Reached XP level 5. HP: 47/47 MP: 8/8
  2388 | D:3      | Gained mutation: Your system is resistant to poisons. (rPois) [potion of mutation]
  2388 | D:3      | Gained mutation: You have sharp toenails. [potion of mutation]
  2763 | D:3      | Noticed Natasha
  2777 | D:3      | Killed Natasha
  2834 | D:3      | Reached skill level 5 in Invocations
  2834 | D:3      | Reached XP level 6. HP: 35/53 MP: 9/9
  3341 | D:4      | Reached skill level 5 in Axes
  3341 | D:4      | Reached skill level 5 in Armour
  3508 | D:4      | Mangled by an ogre

Skill      XL: |  1  2  3  4  5  6 |
---------------+-------------------+-----
Short Blades   | 1 2 |  2.0
Long Blades    | 1 2 |  2.0
Maces & Flails | 1 2 |  2.0
Polearms       | 1 2 |  2.0
Staves         | 1 2 |  2.0
Slings         | 1 2 |  2.0
Bows           | 1 2 |  2.0
Crossbows      | 1 2 |  2.0
Throwing       | 1 2 |  2.0
Stealth        | 1 2 |  2.0
Shields        | 1 2 |  2.0
Unarmed Combat | 1 2 |  2.0
Spellcasting   | 1 2 |  2.0
Evocations     | 1 2 |  2.0
Conjurations   | 1 |  1.5
Hexes          | 1 |  1.5
Charms         | 1 |  1.5
Summonings     | 1 |  1.5
Necromancy     | 1 |  1.5
Translocations | 1 |  1.5
Transmutations | 1 |  1.5
Fire Magic     | 1 |  1.5
Ice Magic      | 1 |  1.5
Air Magic      | 1 |  1.5
Earth Magic    | 1 |  1.5
Poison Magic   | 1 |  1.5
Dodging        | 3 |  3.2
Invocations    | 5 |  5.1
Axes           | 5 |  5.0
Armour         | 5 |  5.0
Fighting       | |  6.8

Action                   |  1- 3 |  4- 6 || total
-------------------------+-------+-------++-------
Melee: Hand axe          |    96 |   128 ||   224
       Bite              |     6 |    16 ||    22
       Punch             |     1 |       ||     1
       Kick              |       |    11 ||    11
Invok: Depart the Abyss  |     1 |       ||     1
  Use: Scroll            |     4 |     1 ||     5
       Potion            |       |     5 ||     5
  Eat: Chunk             |     2 |     6 ||     8
Armor: Leather armour    |    10 |       ||    10
       Scale mail        |    33 |    46 ||    79
Dodge: Dodged            |    74 |    68 ||   142
Block: Other             |    11 |    15 ||    26
